Quebec Remparts vs Rhode Island Whales
Created - Saturday, November 16, 2024 at 11:31
Goals
|
| Quebec Remparts |
0 |
1 |
2 |
0 |
2 |
4 |
| Rhode Island Whales |
0 |
1 |
2 |
0 |
1 |
3 |
|
Shots
|
| Quebec Remparts |
11 |
12 |
6 |
3 |
4 |
32 |
| Rhode Island Whales |
7 |
11 |
26 |
0 |
4 |
44 |
|
1st period
No Goal
Penalties :
Ethan Del Mastro (QUE) for High sticking (Minor) at 13:36, Ethan Del Mastro (QUE) for Tripping (Minor) at 18:18
2nd period
1. Rhode Island Whales , Oliver Wahlstrom 9 (Matthew Coronato 7) at 0:31
2. Quebec Remparts , Hendrix Lapierre 26 (Kevin Rooney 49, David Jiricek 31) at 12:35
Penalties :
Olle Lycksell (QUE) for Hooking (Minor) at 1:29, Jiri Kulich (RIW) for High sticking (Double Minor) at 1:37, Urho Vaakanainen (RIW) for Interference (Minor) at 17:03
3rd period
3. Rhode Island Whales , Lukas Reichel 4 (Justin Barron 104, Kaapo Kakko 2) at 0:12
4. Quebec Remparts , Ivan Ivan 6 (Thomas Bordeleau 66, Jordan Spence 28) at 2:08
5. Quebec Remparts , Olle Lycksell 11 (Kevin Rooney 50, Thomas Bordeleau 67) at 4:20
6. Rhode Island Whales , Oskar Olausson 13 (Isak Rosen 26, Ryan O'Rourke 5) at 19:04
Penalties :
Justin Barron (RIW) for Holding (Minor) at 2:11, Hendrix Lapierre (QUE) for Slashing (Minor) at 12:49
Overtime #1
No Goal
Penalties :
No Penalty
Shootout
Quebec Remparts, Thomas Bordeleau - Shot Misses the Net
Rhode Island Whales, Kaapo Kakko - Stopped by Joseph Woll
Quebec Remparts, Hendrix Lapierre - Stopped by Anson Thornton
Rhode Island Whales, Cole Smith - Goal!
Quebec Remparts, Paul Cotter - Goal!
Rhode Island Whales, Lukas Reichel - Stopped by Joseph Woll
Quebec Remparts, Kevin Rooney - Goal!
Rhode Island Whales, Matthew Coronato - Stopped by Joseph Woll
Penalties :
No Penalty
Goalie Stats
Joseph Woll (QUE), 41 saves from 44 shots - (0.932), W, 33-12-4, 65:00 minutes
Anson Thornton (RIW), 29 saves from 32 shots - (0.906), OTL, 2-0-1, 64:35 minutes
Players Stats for Quebec Remparts
Player Name G A P +/- PIM S H SB GA TA FO MP PP MP PK MP
------------------------------------------------------------------------------------
Adam Edstrom 0 0 0 1 0 3 2 2 1 0 0/1 17:33 3:05 0:00
Brandt Clarke 0 0 0 1 0 2 0 2 0 0 0/0 22:38 3:02 3:07
David Jiricek 0 1 1 1 0 1 3 1 0 1 0/0 22:38 3:02 3:07
Ethan Del Mastro 0 0 0 0 4 1 2 0 0 1 0/0 15:11 0:33 0:00
Hendrix Lapierre 1 0 1 1 2 2 1 1 2 0 5/11 21:51 2:43 2:02
Ivan Ivan 1 0 1 1 0 1 0 0 1 0 2/6 8:40 0:16 0:00
Jakub Demek 0 0 0 1 0 1 1 0 0 0 0/0 6:11 0:00 0:00
Jared Davidson 0 0 0 0 0 0 0 0 0 0 0/1 4:29 0:38 0:15
Jordan Spence 0 1 1 -1 0 3 2 1 1 0 0/0 27:02 2:31 2:58
Joshua Roy 0 0 0 -2 0 2 1 1 1 0 0/2 15:55 3:01 0:21
Kevin Rooney 0 2 2 0 0 2 0 0 2 1 7/10 17:23 0:00 2:55
Nick Robertson 0 0 0 1 0 3 2 0 1 0 0/1 17:34 3:05 0:00
Olle Lycksell 1 0 1 -1 2 3 2 0 1 0 0/0 12:35 0:00 0:00
Paul Cotter 0 0 0 -1 0 1 1 1 1 0 4/7 20:10 2:45 3:01
Rasmus Kupari 0 0 0 -1 0 0 2 1 0 0 1/1 14:40 0:00 0:48
Ryan Shea 0 0 0 0 0 2 2 2 0 0 0/0 15:20 0:33 0:00
Simon Nemec 0 0 0 -1 0 0 3 1 0 0 0/0 27:17 2:31 2:58
Thomas Bordeleau 0 2 2 0 0 5 1 1 3 0 12/26 24:53 2:45 2:48
Players Stats for Rhode Island Whales
Player Name G A P +/- PIM S H SB GA TA FO MP PP MP PK MP
------------------------------------------------------------------------------------
Braden Schneider 0 0 0 1 0 2 2 1 0 0 0/0 27:42 3:13 2:39
Cole Smith 0 0 0 0 0 0 3 0 0 0 1/3 20:49 2:23 2:35
Cross Hanas 0 0 0 1 0 0 1 0 0 0 0/0 5:32 0:54 0:47
Graeme Clarke 0 0 0 0 0 2 2 0 0 0 10/16 14:31 0:42 0:00
Isak Rosen 0 1 1 1 0 4 1 0 0 0 0/0 12:45 0:00 0:00
Jack Studnicka 0 0 0 -1 0 3 1 0 0 2 2/2 15:11 0:40 0:59
Jiri Kulich 0 0 0 0 4 2 4 0 1 3 0/0 16:29 2:57 0:00
Justin Barron 0 1 1 0 2 5 2 0 0 1 0/0 27:02 3:13 1:53
Kaapo Kakko 0 1 1 0 0 8 0 0 0 0 3/5 25:02 2:23 2:35
Kevin Korchinski 0 0 0 -1 0 4 1 1 0 0 0/0 23:30 2:52 2:53
Lukas Reichel 1 0 1 0 0 2 2 0 1 2 12/23 19:48 2:21 2:35
Matthew Coronato 0 1 1 -1 0 3 2 0 1 1 6/11 21:53 2:57 2:41
Nils Lundkvist 0 0 0 0 0 2 4 0 0 0 0/0 13:39 0:00 0:12
Oliver Wahlstrom 1 0 1 0 0 1 1 0 0 0 0/1 16:23 2:57 0:00
Oskar Olausson 1 0 1 1 0 3 0 0 0 0 1/5 6:33 0:00 0:00
Ryan O'Rourke 0 1 1 0 0 0 1 2 0 0 0/0 15:41 0:00 2:37
Ryder Rolston 0 0 0 0 0 0 0 0 0 2 0/0 5:59 0:00 0:00
Urho Vaakanainen 0 0 0 -1 2 3 0 0 0 3 0/0 23:31 2:52 1:58
3 Stars
1 - Joseph Woll (QUE)
2 - Ivan Ivan (QUE)
3 - Thomas Bordeleau (QUE)
Power Play
Quebec Remparts - 0 on 4 Attempt(s) - 0.00%
Rhode Island Whales - 0 on 4 Attempt(s) - 0.00%
Penalty Kill
Quebec Remparts - 4 on 4 Attempt(s) - 100.00%
- Score 0 goal in Penalty Kill
Rhode Island Whales - 4 on 4 Attempt(s) - 100.00%
- Score 0 goal in Penalty Kill
Team Stat
Quebec Remparts - Hits : 25 - Faceoff Wins : 31 - Blocked Shots : 14 - Penalty Minutes : 8
Rhode Island Whales - Hits : 27 - Faceoff Wins : 35 - Blocked Shots : 4 - Penalty Minutes : 8
Official
Referees : Pierre Lambert and Dan O'Rourke
Linesman : Derek Nansen and Julien Fournier
Game Notes
No Game Note
Quebec Remparts
5 vs 5 Forward
Center Left Wing Right Wing Time % Phy DF OF
1 Thomas Bordeleau Paul Cotter Joshua Roy 30 1 2 2
2 Hendrix Lapierre Adam Edstrom Nick Robertson 30 1 2 2
3 Kevin Rooney Rasmus Kupari Olle Lycksell 25 1 2 2
4 Ivan Ivan Thomas Bordeleau Jakub Demek 15 1 2 2
5 vs 5 Defense
Defense Defense Time % Phy DF OF
1 Simon Nemec Jordan Spence 30 1 2 2
2 David Jiricek Brandt Clarke 30 1 2 2
3 Ryan Shea Ethan Del Mastro 25 1 2 2
4 Simon Nemec Jordan Spence 15 1 2 2
PowerPlay Forward
Center Left Wing Right Wing Time % Phy DF OF
1 Thomas Bordeleau Paul Cotter Joshua Roy 50 1 2 2
2 Hendrix Lapierre Adam Edstrom Nick Robertson 50 1 2 2
PowerPlay Defense
Defense Defense Time % Phy DF OF
1 Simon Nemec Jordan Spence 50 1 2 2
2 David Jiricek Brandt Clarke 50 1 2 2
Penalty Kill 4 Players Forward
Center Wing Time % Phy DF OF
1 Thomas Bordeleau Hendrix Lapierre 50 1 2 2
2 Paul Cotter Kevin Rooney 50 1 2 2
Penalty Kill 4 Players Defense
Defense Defense Time % Phy DF OF
1 Simon Nemec Jordan Spence 50 1 2 2
2 David Jiricek Brandt Clarke 50 1 2 2
Penalty Kill - 3 Players Forward
Forward Time % Phy DF OF
1 Thomas Bordeleau 50 1 2 2
2 Hendrix Lapierre 50 1 2 2
Penalty Kill - 3 Players Defense
Defense Defense Time % Phy DF OF
1 Simon Nemec Jordan Spence 50 1 2 2
2 David Jiricek Brandt Clarke 50 1 2 2
4 vs 4 Forward
Center Wing Time % Phy DF OF
1 Thomas Bordeleau Hendrix Lapierre 50 1 2 2
2 Paul Cotter Kevin Rooney 50 1 2 2
4 vs 4 Defense
Defense Defense Time % Phy DF OF
1 Simon Nemec Jordan Spence 50 1 2 2
2 David Jiricek Brandt Clarke 50 1 2 2
Last Minutes Offensive
Center Left Wing Right Wing Defense Defense
Thomas Bordeleau Paul Cotter Joshua Roy Simon Nemec Jordan Spence
Last Minutes Defensive
Center Left Wing Right Wing Defense Defense
Thomas Bordeleau Paul Cotter Joshua Roy Simon Nemec Jordan Spence
Goaltenders
Starting : Joseph Woll
Backup : Devon Levi
Extra Forwards
Normal : Jared Davidson, Ivan Ivan, Rasmus Kupari - PP : Jared Davidson, Ivan Ivan - PK : Rasmus Kupari
Extra Defensemen
Normal : Ryan Shea, Ethan Del Mastro, David Jiricek - PP : Ryan Shea - PK : Ethan Del Mastro, David Jiricek
Penalty Shots
Thomas Bordeleau, Hendrix Lapierre, Paul Cotter, Kevin Rooney, Joshua Roy
Scratches
Maximus Wanner (Healthy), Ethan Samson (Healthy), Avery Hayes (Healthy), Carson Golder (Healthy), Gavin White (Healthy)
Jamieson Rees (Healthy)
Rhode Island Whales
5 vs 5 Forward
Center Left Wing Right Wing Time % Phy DF OF
1 Lukas Reichel Cole Smith Kaapo Kakko 30 1 2 2
2 Matthew Coronato Jiri Kulich Oliver Wahlstrom 30 1 2 2
3 Graeme Clarke Isak Rosen Jack Studnicka 25 1 2 2
4 Oskar Olausson Ryder Rolston Kaapo Kakko 15 1 2 2
5 vs 5 Defense
Defense Defense Time % Phy DF OF
1 Braden Schneider Justin Barron 30 1 2 2
2 Urho Vaakanainen Kevin Korchinski 30 1 2 2
3 Nils Lundkvist Ryan O'Rourke 25 1 2 2
4 Braden Schneider Justin Barron 15 1 2 2
PowerPlay Forward
Center Left Wing Right Wing Time % Phy DF OF
1 Lukas Reichel Cole Smith Kaapo Kakko 50 1 2 2
2 Matthew Coronato Jiri Kulich Oliver Wahlstrom 50 1 2 2
PowerPlay Defense
Defense Defense Time % Phy DF OF
1 Braden Schneider Justin Barron 50 1 2 2
2 Urho Vaakanainen Kevin Korchinski 50 1 2 2
Penalty Kill 4 Players Forward
Center Wing Time % Phy DF OF
1 Kaapo Kakko Cole Smith 50 1 2 2
2 Lukas Reichel Matthew Coronato 50 1 2 2
Penalty Kill 4 Players Defense
Defense Defense Time % Phy DF OF
1 Braden Schneider Justin Barron 50 1 2 2
2 Urho Vaakanainen Kevin Korchinski 50 1 2 2
Penalty Kill - 3 Players Forward
Forward Time % Phy DF OF
1 Kaapo Kakko 50 1 2 2
2 Cole Smith 50 1 2 2
Penalty Kill - 3 Players Defense
Defense Defense Time % Phy DF OF
1 Braden Schneider Justin Barron 50 1 2 2
2 Urho Vaakanainen Kevin Korchinski 50 1 2 2
4 vs 4 Forward
Center Wing Time % Phy DF OF
1 Kaapo Kakko Cole Smith 50 1 2 2
2 Lukas Reichel Matthew Coronato 50 1 2 2
4 vs 4 Defense
Defense Defense Time % Phy DF OF
1 Braden Schneider Justin Barron 50 1 2 2
2 Urho Vaakanainen Kevin Korchinski 50 1 2 2
Last Minutes Offensive
Center Left Wing Right Wing Defense Defense
Lukas Reichel Cole Smith Kaapo Kakko Braden Schneider Justin Barron
Last Minutes Defensive
Center Left Wing Right Wing Defense Defense
Lukas Reichel Cole Smith Kaapo Kakko Braden Schneider Justin Barron
Goaltenders
Starting : Anson Thornton
Backup : Mitchell Weeks
Extra Forwards
Normal : Cross Hanas, Graeme Clarke, Jack Studnicka - PP : Cross Hanas, Graeme Clarke - PK : Jack Studnicka
Extra Defensemen
Normal : Nils Lundkvist, Ryan O'Rourke, Urho Vaakanainen - PP : Nils Lundkvist - PK : Ryan O'Rourke, Urho Vaakanainen
Penalty Shots
Kaapo Kakko, Cole Smith, Lukas Reichel, Matthew Coronato, Oliver Wahlstrom
Scratches
Danny Zhilkin (Healthy), Emil Andrae (Healthy), Danila Klimovich (Healthy), Dylan Garand (Healthy)
% Time on Ice - Quebec Remparts
Lines # - Real PCT - Wanted PCT - Time Play
Normal Forward
1 - 24% - 30% - 11:07
2 - 37% - 30% - 17:02
3 - 26% - 25% - 11:46
4 - 13% - 15% - 6:03
Normal Defense
1 - 30% - 30% - 13:35
2 - 30% - 30% - 13:34
3 - 30% - 25% - 13:42
4 - 11% - 15% - 5:07
PP Forward
1 - 49% - 50% - 3:01
2 - 51% - 50% - 3:05
PP Defense
1 - 50% - 50% - 3:04
2 - 50% - 50% - 3:02
PK Forward
1 - 52% - 50% - 3:10
2 - 48% - 50% - 2:55
PK Defense
1 - 49% - 50% - 2:58
2 - 51% - 50% - 3:07
PK3 Forward
1 - 0% - 50%
2 - 0% - 50%
PK3 Defense
1 - 0% - 50%
2 - 0% - 50%
44 Forward
1 - 48% - 50% - 3:18
2 - 52% - 50% - 3:33
44 Defense
1 - 57% - 50% - 3:56
2 - 43% - 50% - 2:55
Last Minute Offensive - 0:00
Last Minute Defensive - 0:00
Total
Forward - 65:00
Defense - 65:00
|
% Time on Ice - Rhode Island Whales
Lines # - Real PCT - Wanted PCT - Time Play
Normal Forward
1 - 26% - 30% - 12:05
2 - 36% - 30% - 16:14
3 - 25% - 25% - 11:28
4 - 13% - 15% - 5:52
Normal Defense
1 - 31% - 30% - 13:56
2 - 32% - 30% - 14:47
3 - 26% - 25% - 11:59
4 - 11% - 15% - 4:57
PP Forward
1 - 45% - 50% - 2:45
2 - 55% - 50% - 3:20
PP Defense
1 - 53% - 50% - 3:13
2 - 47% - 50% - 2:52
PK Forward
1 - 46% - 50% - 2:50
2 - 54% - 50% - 3:16
PK Defense
1 - 53% - 50% - 3:13
2 - 47% - 50% - 2:53
PK3 Forward
1 - 0% - 50%
2 - 0% - 50%
PK3 Defense
1 - 0% - 50%
2 - 0% - 50%
44 Forward
1 - 49% - 50% - 3:21
2 - 51% - 50% - 3:30
44 Defense
1 - 55% - 50% - 3:44
2 - 45% - 50% - 3:07
Last Minute Offensive - 0:19
Last Minute Defensive - 0:00
Total
Forward - 65:00
Defense - 65:00
|
Play-by-Play
1st period
0:01 of 1st period - Thomas Bordeleau wins face-off versus Lukas Reichel in neutral zone.
0:12 of 1st period - Snap shot by Thomas Bordeleau.
0:12 of 1st period - Stopped by Anson Thornton with a rebound.
0:37 of 1st period - Snap shot by Jiri Kulich.
0:37 of 1st period - Shot Misses the Net.
0:56 of 1st period - Icing by Urho Vaakanainen.
0:57 of 1st period - Graeme Clarke wins face-off versus Ivan Ivan in Rhode Island Whales zone.
1:16 of 1st period - Snap shot by Graeme Clarke.
1:16 of 1st period - Deflect By Jack Studnicka.
1:16 of 1st period - Shot Misses the Net.
1:16 of 1st period - Puck is out of play.
1:17 of 1st period - Oskar Olausson wins face-off versus Kevin Rooney in Quebec Remparts zone.
1:26 of 1st period - Slapshot by Oskar Olausson.
1:26 of 1st period - Stopped by Joseph Woll without a rebound.
1:27 of 1st period - Kaapo Kakko wins face-off versus Thomas Bordeleau in Quebec Remparts zone.
1:44 of 1st period - Wrist shot by Kaapo Kakko.
1:44 of 1st period - Stopped by Joseph Woll without a rebound.
1:45 of 1st period - Hendrix Lapierre wins face-off versus Matthew Coronato in Quebec Remparts zone.
2:16 of 1st period - Nick Robertson is hit by Braden Schneider and loses puck.
2:21 of 1st period - Slapshot by Oliver Wahlstrom.
2:21 of 1st period - Shot Misses the Net.
2:39 of 1st period - Snap shot by Nick Robertson.
2:39 of 1st period - Stopped by Anson Thornton with a rebound.
3:30 of 1st period - Snap shot by Nick Robertson.
3:30 of 1st period - Stopped by Anson Thornton with a rebound.
3:33 of 1st period - Icing by Justin Barron.
3:34 of 1st period - Kevin Rooney wins face-off versus Oliver Wahlstrom in Rhode Island Whales zone.
3:39 of 1st period - Snap shot by Olle Lycksell.
3:39 of 1st period - Stopped by Anson Thornton with a rebound.
4:02 of 1st period - Cole Smith is hit by Paul Cotter and loses puck.
4:09 of 1st period - Slapshot by Joshua Roy.
4:09 of 1st period - Deflect By Thomas Bordeleau.
4:09 of 1st period - Shot Misses the Net.
4:09 of 1st period - Puck is out of play.
4:10 of 1st period - Ivan Ivan wins face-off versus Lukas Reichel in Rhode Island Whales zone.
4:21 of 1st period - Snap shot by Jordan Spence.
4:21 of 1st period - Stopped by Anson Thornton without a rebound.
4:22 of 1st period - Graeme Clarke wins face-off versus Joshua Roy in Rhode Island Whales zone.
4:31 of 1st period - Wrist shot by Thomas Bordeleau.
4:31 of 1st period - Deflect By Joshua Roy.
4:31 of 1st period - Stopped by Anson Thornton without a rebound.
4:32 of 1st period - Jack Studnicka wins face-off versus Thomas Bordeleau in Rhode Island Whales zone.
5:02 of 1st period - Slapshot by Graeme Clarke.
5:02 of 1st period - Stopped by Joseph Woll without a rebound.
5:03 of 1st period - Lukas Reichel wins face-off versus Kevin Rooney in Quebec Remparts zone.
5:53 of 1st period - Icing by Urho Vaakanainen.
5:54 of 1st period - Kevin Rooney wins face-off versus Graeme Clarke in Rhode Island Whales zone.
6:19 of 1st period - Lukas Reichel is hit by Thomas Bordeleau and loses puck.
6:38 of 1st period - Hendrix Lapierre is hit by Oliver Wahlstrom and loses puck.
7:45 of 1st period - Slapshot by Kevin Rooney.
7:45 of 1st period - Shot Misses the Net.
7:47 of 1st period - Backhand shot by Kevin Rooney.
7:47 of 1st period - Deflect By Olle Lycksell.
7:47 of 1st period - Shot Misses the Net.
7:47 of 1st period - Puck is out of play.
7:48 of 1st period - Graeme Clarke wins face-off versus Thomas Bordeleau in Rhode Island Whales zone.
7:48 of 1st period - Graeme Clarke is hit by Jordan Spence.
7:54 of 1st period - Snap shot by Thomas Bordeleau.
7:54 of 1st period - Stopped by Anson Thornton with a rebound.
8:14 of 1st period - Braden Schneider is hit by Nick Robertson and loses puck.
9:13 of 1st period - Snap shot by Kevin Rooney.
9:13 of 1st period - Shot Misses the Net.
9:15 of 1st period - Slapshot by Brandt Clarke.
9:15 of 1st period - Shot Misses the Net.
9:17 of 1st period - Slapshot by David Jiricek.
9:17 of 1st period - Shot Misses the Net.
9:31 of 1st period - Slapshot by Kevin Rooney.
9:31 of 1st period - Shot Misses the Net.
9:51 of 1st period - Snap shot by Brandt Clarke.
9:51 of 1st period - Shot Blocked by Braden Schneider.
9:53 of 1st period - Wrist shot by Kevin Rooney.
9:53 of 1st period - Stopped by Anson Thornton with a rebound.
9:59 of 1st period - Wrist shot by Olle Lycksell.
9:59 of 1st period - Stopped by Anson Thornton without a rebound.
10:00 of 1st period - Graeme Clarke wins face-off versus Thomas Bordeleau in Rhode Island Whales zone.
10:07 of 1st period - Simon Nemec is hit by Nils Lundkvist and loses puck.
10:26 of 1st period - Nils Lundkvist is hit by Nick Robertson and loses puck.
10:45 of 1st period - Slapshot by Adam Edstrom.
10:45 of 1st period - Deflect By Thomas Bordeleau.
10:45 of 1st period - Stopped by Anson Thornton without a rebound.
10:46 of 1st period - Graeme Clarke wins face-off versus Ivan Ivan in Rhode Island Whales zone.
10:56 of 1st period - Icing by Jack Studnicka.
10:57 of 1st period - Graeme Clarke wins face-off versus Thomas Bordeleau in Rhode Island Whales zone.
11:02 of 1st period - Snap shot by Graeme Clarke.
11:02 of 1st period - Shot Misses the Net.
11:04 of 1st period - Snap shot by Isak Rosen.
11:04 of 1st period - Deflect By Jack Studnicka.
11:04 of 1st period - Shot Misses the Net.
11:04 of 1st period - Puck is out of play.
11:05 of 1st period - Thomas Bordeleau wins face-off versus Graeme Clarke in Quebec Remparts zone.
11:09 of 1st period - Off-side.
11:10 of 1st period - Thomas Bordeleau wins face-off versus Graeme Clarke in neutral zone.
11:45 of 1st period - Cole Smith is hit by Adam Edstrom and loses puck.
12:02 of 1st period - Wrist shot by Matthew Coronato.
12:02 of 1st period - Shot Misses the Net.
12:20 of 1st period - Slapshot by Nils Lundkvist.
12:20 of 1st period - Stopped by Joseph Woll without a rebound.
12:21 of 1st period - Hendrix Lapierre wins face-off versus Oskar Olausson in Quebec Remparts zone.
12:30 of 1st period - Snap shot by Oskar Olausson.
12:30 of 1st period - Stopped by Joseph Woll with a rebound.
12:32 of 1st period - Slapshot by Justin Barron.
12:32 of 1st period - Shot Blocked by Adam Edstrom.
13:05 of 1st period - Slapshot by Olle Lycksell.
13:05 of 1st period - Deflect By Kevin Rooney.
13:05 of 1st period - Shot Misses the Net.
13:05 of 1st period - Puck is out of play.
13:06 of 1st period - Graeme Clarke wins face-off versus Nick Robertson in Rhode Island Whales zone.
13:06 of 1st period - Graeme Clarke is hit by Simon Nemec.
13:12 of 1st period - Hendrix Lapierre is hit by Graeme Clarke and loses puck.
13:17 of 1st period - Snap shot by Graeme Clarke.
13:17 of 1st period - Stopped by Joseph Woll with a rebound.
13:33 of 1st period - Wrist shot by Graeme Clarke.
13:33 of 1st period - Deflect By Jack Studnicka.
13:33 of 1st period - Shot Misses the Net.
13:33 of 1st period - Puck is out of play.
13:34 of 1st period - Thomas Bordeleau wins face-off versus Lukas Reichel in Quebec Remparts zone.
13:36 of 1st period - Minor Penalty to Ethan Del Mastro for High sticking.
13:37 of 1st period - Lukas Reichel wins face-off versus Thomas Bordeleau in Quebec Remparts zone.
13:50 of 1st period - Slapshot by Cole Smith.
13:50 of 1st period - Deflect By Lukas Reichel.
13:50 of 1st period - Shot Misses the Net.
13:50 of 1st period - Puck is out of play.
13:51 of 1st period - Paul Cotter wins face-off versus Matthew Coronato in Quebec Remparts zone.
14:36 of 1st period - Hendrix Lapierre is hit by Jiri Kulich and loses puck.
15:36 of 1st period - Penalty to Ethan Del Mastro is over, Ethan Del Mastro is back on ice.
15:50 of 1st period - Wrist shot by Graeme Clarke.
15:50 of 1st period - Shot Misses the Net.
15:52 of 1st period - Snap shot by Justin Barron.
15:52 of 1st period - Deflect By Ryan Shea.
15:52 of 1st period - Stopped by Joseph Woll with a rebound.
16:06 of 1st period - Ryan O'Rourke is hit by Ryan Shea and loses puck.
16:19 of 1st period - Nick Robertson is hit by Nils Lundkvist and loses puck.
18:11 of 1st period - Icing by Urho Vaakanainen.
18:12 of 1st period - Ivan Ivan wins face-off versus Oskar Olausson in Rhode Island Whales zone.
18:13 of 1st period - Slapshot by Jakub Demek.
18:13 of 1st period - Stopped by Anson Thornton with a rebound.
18:18 of 1st period - Minor Penalty to Ethan Del Mastro for Tripping.
18:19 of 1st period - Matthew Coronato wins face-off versus Paul Cotter in Quebec Remparts zone.
Goals for this period are 0 for Quebec Remparts vs 0 for Rhode Island Whales.
Shots for this period are 11 for Quebec Remparts vs 7 for Rhode Island Whales.
2nd period
0:01 of 2nd period - Lukas Reichel wins face-off versus Paul Cotter in neutral zone.
0:18 of 2nd period - Penalty to Ethan Del Mastro is over, Ethan Del Mastro is back on ice.
0:26 of 2nd period - Jordan Spence is hit by Matthew Coronato and loses puck.
0:31 of 2nd period - Wrist shot by Oliver Wahlstrom.
0:31 of 2nd period - Goal by Oliver Wahlstrom - Quebec Remparts : 0 - Rhode Island Whales : 1.
0:32 of 2nd period - Lukas Reichel wins face-off versus Thomas Bordeleau in neutral zone.
0:37 of 2nd period - Jordan Spence is hit by Cole Smith and loses puck.
0:48 of 2nd period - Wrist shot by Thomas Bordeleau.
0:48 of 2nd period - Stopped by Anson Thornton with a rebound.
0:58 of 2nd period - Adam Edstrom is hit by Jiri Kulich and loses puck.
1:29 of 2nd period - Minor Penalty to Olle Lycksell for Hooking.
1:30 of 2nd period - Paul Cotter wins face-off versus Matthew Coronato in Quebec Remparts zone.
1:37 of 2nd period - Double Minor Penalty to Jiri Kulich for High sticking.
1:38 of 2nd period - Kaapo Kakko wins face-off versus Thomas Bordeleau in Rhode Island Whales zone.
3:29 of 2nd period - Penalty to Olle Lycksell is over, Olle Lycksell is back on ice.
3:34 of 2nd period - Lukas Reichel is hit by David Jiricek and loses puck.
3:39 of 2nd period - Wrist shot by Adam Edstrom.
3:39 of 2nd period - Stopped by Anson Thornton with a rebound.
4:41 of 2nd period - Ethan Del Mastro is hit by Justin Barron and loses puck.
4:45 of 2nd period - Icing by Ethan Del Mastro.
4:46 of 2nd period - Jack Studnicka wins face-off versus Jared Davidson in Quebec Remparts zone.
5:37 of 2nd period - Penalty to Jiri Kulich is over, Jiri Kulich is back on ice.
5:49 of 2nd period - Slapshot by Jordan Spence.
5:49 of 2nd period - Stopped by Anson Thornton without a rebound.
5:50 of 2nd period - Matthew Coronato wins face-off versus Kevin Rooney in Rhode Island Whales zone.
5:50 of 2nd period - Matthew Coronato is hit by Rasmus Kupari.
6:00 of 2nd period - Wrist shot by Olle Lycksell.
6:00 of 2nd period - Shot Misses the Net.
6:04 of 2nd period - Snap shot by Kevin Rooney.
6:04 of 2nd period - Shot Misses the Net.
6:06 of 2nd period - Snap shot by Ryan Shea.
6:06 of 2nd period - Stopped by Anson Thornton with a rebound.
6:08 of 2nd period - Snap shot by Olle Lycksell.
6:08 of 2nd period - Shot Misses the Net.
6:10 of 2nd period - Slapshot by Ethan Del Mastro.
6:10 of 2nd period - Deflect By Matthew Coronato.
6:10 of 2nd period - Stopped by Anson Thornton without a rebound.
6:11 of 2nd period - Thomas Bordeleau wins face-off versus Lukas Reichel in Rhode Island Whales zone.
6:24 of 2nd period - Snap shot by Kaapo Kakko.
6:24 of 2nd period - Stopped by Joseph Woll with a rebound.
6:26 of 2nd period - Snap shot by Kaapo Kakko.
6:26 of 2nd period - Stopped by Joseph Woll with a rebound.
6:38 of 2nd period - Jack Studnicka is hit by Olle Lycksell and loses puck.
6:45 of 2nd period - Backhand shot by Graeme Clarke.
6:45 of 2nd period - Shot Misses the Net.
6:57 of 2nd period - Wrist shot by Oliver Wahlstrom.
6:57 of 2nd period - Deflect By Jiri Kulich.
6:57 of 2nd period - Stopped by Joseph Woll without a rebound.
6:58 of 2nd period - Matthew Coronato wins face-off versus Hendrix Lapierre in Quebec Remparts zone.
7:17 of 2nd period - Slapshot by Matthew Coronato.
7:17 of 2nd period - Shot Blocked by Adam Edstrom.
7:19 of 2nd period - Slapshot by Urho Vaakanainen.
7:19 of 2nd period - Shot Blocked by Brandt Clarke.
7:48 of 2nd period - Snap shot by Oliver Wahlstrom.
7:48 of 2nd period - Shot Blocked by Hendrix Lapierre.
7:58 of 2nd period - Slapshot by Nick Robertson.
7:58 of 2nd period - Shot Misses the Net.
8:00 of 2nd period - Wrist shot by Brandt Clarke.
8:00 of 2nd period - Shot Misses the Net.
8:02 of 2nd period - Snap shot by Adam Edstrom.
8:02 of 2nd period - Stopped by Anson Thornton without a rebound.
8:03 of 2nd period - Thomas Bordeleau wins face-off versus Lukas Reichel in Rhode Island Whales zone.
8:28 of 2nd period - Olle Lycksell is hit by Graeme Clarke and loses puck.
8:47 of 2nd period - Slapshot by Thomas Bordeleau.
8:47 of 2nd period - Stopped by Anson Thornton without a rebound.
8:48 of 2nd period - Thomas Bordeleau wins face-off versus Oskar Olausson in Rhode Island Whales zone.
9:19 of 2nd period - Urho Vaakanainen is hit by Ethan Del Mastro and loses puck.
9:53 of 2nd period - Thomas Bordeleau is hit by Justin Barron and loses puck.
10:28 of 2nd period - Wrist shot by Kaapo Kakko.
10:28 of 2nd period - Shot Hit the Post.
11:10 of 2nd period - Matthew Coronato is hit by Simon Nemec and loses puck.
11:28 of 2nd period - Graeme Clarke is hit by Olle Lycksell and loses puck.
11:44 of 2nd period - Ryan O'Rourke is hit by Hendrix Lapierre and loses puck.
12:35 of 2nd period - Snap shot by Hendrix Lapierre.
12:35 of 2nd period - Goal by Hendrix Lapierre - Quebec Remparts : 1 - Rhode Island Whales : 1.
12:36 of 2nd period - Lukas Reichel wins face-off versus Thomas Bordeleau in neutral zone.
12:51 of 2nd period - Snap shot by Thomas Bordeleau.
12:51 of 2nd period - Shot Misses the Net.
13:01 of 2nd period - Jordan Spence is hit by Jiri Kulich and loses puck.
13:20 of 2nd period - Snap shot by Justin Barron.
13:20 of 2nd period - Stopped by Joseph Woll with a rebound.
13:22 of 2nd period - Slapshot by Justin Barron.
13:22 of 2nd period - Shot Misses the Net.
13:24 of 2nd period - Slapshot by Justin Barron.
13:24 of 2nd period - Shot Misses the Net.
13:26 of 2nd period - Slapshot by Justin Barron.
13:26 of 2nd period - Shot Misses the Net.
13:28 of 2nd period - Snap shot by Isak Rosen.
13:28 of 2nd period - Stopped by Joseph Woll with a rebound.
13:30 of 2nd period - Backhand shot by Jack Studnicka.
13:30 of 2nd period - Shot Blocked by Rasmus Kupari.
13:32 of 2nd period - Snap shot by Urho Vaakanainen.
13:32 of 2nd period - Stopped by Joseph Woll with a rebound.
14:19 of 2nd period - Oliver Wahlstrom is hit by Jakub Demek and loses puck.
14:28 of 2nd period - Snap shot by Matthew Coronato.
14:28 of 2nd period - Shot Blocked by Ryan Shea.
14:30 of 2nd period - Wrist shot by Jiri Kulich.
14:30 of 2nd period - Shot Misses the Net.
14:32 of 2nd period - Snap shot by Justin Barron.
14:32 of 2nd period - Stopped by Joseph Woll without a rebound.
14:33 of 2nd period - Kevin Rooney wins face-off versus Lukas Reichel in Quebec Remparts zone.
14:33 of 2nd period - Kevin Rooney is hit by Kevin Korchinski.
14:43 of 2nd period - Snap shot by Kevin Rooney.
14:43 of 2nd period - Shot Misses the Net.
14:53 of 2nd period - Cole Smith is hit by David Jiricek and loses puck.
15:00 of 2nd period - Snap shot by Jordan Spence.
15:00 of 2nd period - Shot Misses the Net.
15:02 of 2nd period - Snap shot by Kevin Rooney.
15:02 of 2nd period - Stopped by Anson Thornton without a rebound.
15:03 of 2nd period - Thomas Bordeleau wins face-off versus Graeme Clarke in Rhode Island Whales zone.
15:04 of 2nd period - Snap shot by Paul Cotter.
15:04 of 2nd period - Shot Blocked by Ryan O'Rourke.
15:12 of 2nd period - Thomas Bordeleau is hit by Jack Studnicka and loses puck.
15:40 of 2nd period - Wrist shot by Joshua Roy.
15:40 of 2nd period - Stopped by Anson Thornton without a rebound.
15:41 of 2nd period - Matthew Coronato wins face-off versus Hendrix Lapierre in Rhode Island Whales zone.
15:50 of 2nd period - Wrist shot by Nick Robertson.
15:50 of 2nd period - Stopped by Anson Thornton with a rebound.
15:52 of 2nd period - Snap shot by Brandt Clarke.
15:52 of 2nd period - Shot Misses the Net.
15:54 of 2nd period - Snap shot by Adam Edstrom.
15:54 of 2nd period - Deflect By Hendrix Lapierre.
15:54 of 2nd period - Shot Misses the Net.
15:54 of 2nd period - Puck is out of play.
15:55 of 2nd period - Kevin Rooney wins face-off versus Kaapo Kakko in Rhode Island Whales zone.
17:03 of 2nd period - Minor Penalty to Urho Vaakanainen for Interference.
17:04 of 2nd period - Kaapo Kakko wins face-off versus Thomas Bordeleau in Rhode Island Whales zone.
17:33 of 2nd period - Off-side.
17:34 of 2nd period - Hendrix Lapierre wins face-off versus Kaapo Kakko in neutral zone.
17:40 of 2nd period - Snap shot by Kaapo Kakko.
17:40 of 2nd period - Stopped by Joseph Woll with a rebound.
17:42 of 2nd period - Slapshot by Kevin Korchinski.
17:42 of 2nd period - Shot Misses the Net.
17:44 of 2nd period - Slapshot by Kevin Korchinski.
17:44 of 2nd period - Stopped by Joseph Woll with a rebound.
17:46 of 2nd period - Snap shot by Cole Smith.
17:46 of 2nd period - Shot Misses the Net.
17:48 of 2nd period - Snap shot by Kaapo Kakko.
17:48 of 2nd period - Stopped by Joseph Woll without a rebound.
17:49 of 2nd period - Matthew Coronato wins face-off versus Thomas Bordeleau in Quebec Remparts zone.
17:50 of 2nd period - Snap shot by Lukas Reichel.
17:50 of 2nd period - Deflect By David Jiricek.
17:50 of 2nd period - Shot Blocked by David Jiricek.
17:50 of 2nd period - Puck is out of play.
17:51 of 2nd period - Thomas Bordeleau wins face-off versus Lukas Reichel in Quebec Remparts zone.
18:00 of 2nd period - Slapshot by Brandt Clarke.
18:00 of 2nd period - Shot Hit the Post.
18:02 of 2nd period - Snap shot by Paul Cotter.
18:02 of 2nd period - Stopped by Anson Thornton with a rebound.
18:25 of 2nd period - Wrist shot by Nick Robertson.
18:25 of 2nd period - Shot Blocked by Ryan O'Rourke.
19:03 of 2nd period - Penalty to Urho Vaakanainen is over, Urho Vaakanainen is back on ice.
19:07 of 2nd period - Slapshot by Justin Barron.
19:07 of 2nd period - Shot Misses the Net.
19:20 of 2nd period - Rasmus Kupari is hit by Ryan O'Rourke and loses puck.
19:42 of 2nd period - Kevin Rooney is hit by Nils Lundkvist and loses puck.
Goals for this period are 1 for Quebec Remparts vs 1 for Rhode Island Whales.
Shots for this period are 12 for Quebec Remparts vs 11 for Rhode Island Whales.
3rd period
0:01 of 3rd period - Lukas Reichel wins face-off versus Thomas Bordeleau in neutral zone.
0:06 of 3rd period - Wrist shot by Kaapo Kakko.
0:06 of 3rd period - Stopped by Joseph Woll with a rebound.
0:08 of 3rd period - Wrist shot by Kaapo Kakko.
0:08 of 3rd period - Stopped by Joseph Woll with a rebound.
0:10 of 3rd period - Slapshot by Justin Barron.
0:10 of 3rd period - Shot Blocked by Thomas Bordeleau.
0:12 of 3rd period - Snap shot by Lukas Reichel.
0:12 of 3rd period - Goal by Lukas Reichel - Quebec Remparts : 1 - Rhode Island Whales : 2.
0:13 of 3rd period - Lukas Reichel wins face-off versus Joshua Roy in neutral zone.
0:40 of 3rd period - Hendrix Lapierre is hit by Jiri Kulich and loses puck.
0:59 of 3rd period - Braden Schneider is hit by Ethan Del Mastro and loses puck.
1:31 of 3rd period - Slapshot by Braden Schneider.
1:31 of 3rd period - Stopped by Joseph Woll without a rebound.
1:32 of 3rd period - Lukas Reichel wins face-off versus Ivan Ivan in Quebec Remparts zone.
2:08 of 3rd period - Snap shot by Ivan Ivan.
2:08 of 3rd period - Goal by Ivan Ivan - Quebec Remparts : 2 - Rhode Island Whales : 2.
2:09 of 3rd period - Lukas Reichel wins face-off versus Adam Edstrom in neutral zone.
2:11 of 3rd period - Minor Penalty to Justin Barron for Holding.
2:12 of 3rd period - Cole Smith wins face-off versus Hendrix Lapierre in Rhode Island Whales zone.
2:23 of 3rd period - Wrist shot by Hendrix Lapierre.
2:23 of 3rd period - Shot Misses the Net.
2:25 of 3rd period - Snap shot by Brandt Clarke.
2:25 of 3rd period - Stopped by Anson Thornton with a rebound.
4:11 of 3rd period - Penalty to Justin Barron is over, Justin Barron is back on ice.
4:20 of 3rd period - Backhand shot by Olle Lycksell.
4:20 of 3rd period - Goal by Olle Lycksell - Quebec Remparts : 3 - Rhode Island Whales : 2.
4:21 of 3rd period - Kevin Rooney wins face-off versus Lukas Reichel in neutral zone.
4:42 of 3rd period - Olle Lycksell is hit by Braden Schneider and loses puck.
4:55 of 3rd period - Snap shot by Jack Studnicka.
4:55 of 3rd period - Shot Misses the Net.
4:57 of 3rd period - Slapshot by Justin Barron.
4:57 of 3rd period - Stopped by Joseph Woll with a rebound.
4:59 of 3rd period - Snap shot by Justin Barron.
4:59 of 3rd period - Stopped by Joseph Woll with a rebound.
5:01 of 3rd period - Slapshot by Jack Studnicka.
5:01 of 3rd period - Stopped by Joseph Woll with a rebound.
5:03 of 3rd period - Slapshot by Justin Barron.
5:03 of 3rd period - Shot Blocked by Joshua Roy.
5:13 of 3rd period - Urho Vaakanainen is hit by David Jiricek and loses puck.
5:22 of 3rd period - Wrist shot by Hendrix Lapierre.
5:22 of 3rd period - Shot Blocked by Kevin Korchinski.
5:26 of 3rd period - Snap shot by Hendrix Lapierre.
5:26 of 3rd period - Stopped by Anson Thornton with a rebound.
5:42 of 3rd period - Slapshot by Kaapo Kakko.
5:42 of 3rd period - Shot Misses the Net.
5:44 of 3rd period - Snap shot by Ryder Rolston.
5:44 of 3rd period - Shot Misses the Net.
7:00 of 3rd period - Jiri Kulich is hit by Rasmus Kupari and loses puck.
7:13 of 3rd period - Paul Cotter is hit by Lukas Reichel and loses puck.
7:26 of 3rd period - Ryder Rolston is hit by Adam Edstrom and loses puck.
7:38 of 3rd period - Icing by Ryan Shea.
7:39 of 3rd period - Kevin Rooney wins face-off versus Graeme Clarke in Quebec Remparts zone.
7:50 of 3rd period - Slapshot by Ryan Shea.
7:50 of 3rd period - Stopped by Anson Thornton without a rebound.
7:51 of 3rd period - Hendrix Lapierre wins face-off versus Cole Smith in Rhode Island Whales zone.
7:57 of 3rd period - Icing by Lukas Reichel.
7:58 of 3rd period - Hendrix Lapierre wins face-off versus Lukas Reichel in Rhode Island Whales zone.
8:23 of 3rd period - Slapshot by Matthew Coronato.
8:23 of 3rd period - Stopped by Joseph Woll with a rebound.
8:29 of 3rd period - Wrist shot by Oliver Wahlstrom.
8:29 of 3rd period - Shot Misses the Net.
8:31 of 3rd period - Slapshot by Braden Schneider.
8:31 of 3rd period - Stopped by Joseph Woll without a rebound.
8:32 of 3rd period - Thomas Bordeleau wins face-off versus Cole Smith in Quebec Remparts zone.
8:46 of 3rd period - Snap shot by Lukas Reichel.
8:46 of 3rd period - Stopped by Joseph Woll without a rebound.
8:47 of 3rd period - Matthew Coronato wins face-off versus Hendrix Lapierre in Quebec Remparts zone.
9:12 of 3rd period - Paul Cotter is hit by Lukas Reichel and loses puck.
9:18 of 3rd period - Off-side.
9:19 of 3rd period - Thomas Bordeleau wins face-off versus Lukas Reichel in neutral zone.
9:34 of 3rd period - Snap shot by Kevin Korchinski.
9:34 of 3rd period - Shot Blocked by Brandt Clarke.
9:44 of 3rd period - Brandt Clarke is hit by Matthew Coronato and loses puck.
9:56 of 3rd period - Off-side.
9:57 of 3rd period - Graeme Clarke wins face-off versus Thomas Bordeleau in neutral zone.
9:57 of 3rd period - Graeme Clarke is hit by Joshua Roy.
10:07 of 3rd period - Snap shot by Isak Rosen.
10:07 of 3rd period - Stopped by Joseph Woll with a rebound.
10:23 of 3rd period - Adam Edstrom is hit by Cole Smith and loses puck.
10:46 of 3rd period - Wrist shot by Matthew Coronato.
10:46 of 3rd period - Stopped by Joseph Woll without a rebound.
10:47 of 3rd period - Thomas Bordeleau wins face-off versus Matthew Coronato in Quebec Remparts zone.
11:04 of 3rd period - Slapshot by Matthew Coronato.
11:04 of 3rd period - Stopped by Joseph Woll with a rebound.
11:06 of 3rd period - Slapshot by Urho Vaakanainen.
11:06 of 3rd period - Shot Blocked by Paul Cotter.
11:08 of 3rd period - Snap shot by Jiri Kulich.
11:08 of 3rd period - Stopped by Joseph Woll with a rebound.
11:10 of 3rd period - Slapshot by Kevin Korchinski.
11:10 of 3rd period - Stopped by Joseph Woll without a rebound.
11:11 of 3rd period - Lukas Reichel wins face-off versus Hendrix Lapierre in Quebec Remparts zone.
11:18 of 3rd period - Slapshot by Adam Edstrom.
11:18 of 3rd period - Shot Misses the Net.
11:20 of 3rd period - Slapshot by Adam Edstrom.
11:20 of 3rd period - Stopped by Anson Thornton without a rebound.
11:21 of 3rd period - Lukas Reichel wins face-off versus Hendrix Lapierre in Rhode Island Whales zone.
11:40 of 3rd period - Snap shot by Lukas Reichel.
11:40 of 3rd period - Shot Misses the Net.
11:42 of 3rd period - Snap shot by Kaapo Kakko.
11:42 of 3rd period - Stopped by Joseph Woll with a rebound.
11:44 of 3rd period - Slapshot by Braden Schneider.
11:44 of 3rd period - Shot Misses the Net.
11:46 of 3rd period - Slapshot by Kevin Korchinski.
11:46 of 3rd period - Stopped by Joseph Woll with a rebound.
12:18 of 3rd period - Snap shot by Kaapo Kakko.
12:18 of 3rd period - Shot Misses the Net.
12:49 of 3rd period - Minor Penalty to Hendrix Lapierre for Slashing.
12:50 of 3rd period - Paul Cotter wins face-off versus Matthew Coronato in Quebec Remparts zone.
13:49 of 3rd period - Jack Studnicka is hit by Jordan Spence and loses puck.
14:02 of 3rd period - Lukas Reichel is hit by Simon Nemec and loses puck.
14:49 of 3rd period - Penalty to Hendrix Lapierre is over, Hendrix Lapierre is back on ice.
16:16 of 3rd period - Ryan Shea is hit by Cole Smith and loses puck.
18:23 of 3rd period - Graeme Clarke is hit by Ryan Shea.
18:39 of 3rd period - Rhode Island Whales, Anson Thornton is pulled from the net.
18:49 of 3rd period - Rasmus Kupari is hit by Isak Rosen and loses puck.
18:56 of 3rd period - Wrist shot by Isak Rosen.
18:56 of 3rd period - Stopped by Joseph Woll with a rebound.
18:58 of 3rd period - Backhand shot by Nils Lundkvist.
18:58 of 3rd period - Stopped by Joseph Woll with a rebound.
19:00 of 3rd period - Wrist shot by Ryan O'Rourke.
19:00 of 3rd period - Shot Blocked by Ryan Shea.
19:02 of 3rd period - Wrist shot by Isak Rosen.
19:02 of 3rd period - Stopped by Joseph Woll with a rebound.
19:04 of 3rd period - Wrist shot by Oskar Olausson.
19:04 of 3rd period - Goal by Oskar Olausson - Quebec Remparts : 3 - Rhode Island Whales : 3.
19:04 of 3rd period - Anson Thornton from Rhode Island Whales was sent back in the game.
19:05 of 3rd period - Graeme Clarke wins face-off versus Ivan Ivan in neutral zone.
19:10 of 3rd period - Wrist shot by Jack Studnicka.
19:10 of 3rd period - Stopped by Joseph Woll with a rebound.
19:12 of 3rd period - Wrist shot by Kevin Korchinski.
19:12 of 3rd period - Stopped by Joseph Woll with a rebound.
19:14 of 3rd period - Snap shot by Urho Vaakanainen.
19:14 of 3rd period - Stopped by Joseph Woll without a rebound.
19:15 of 3rd period - Graeme Clarke wins face-off versus Thomas Bordeleau in Quebec Remparts zone.
19:38 of 3rd period - Slapshot by Simon Nemec.
19:38 of 3rd period - Shot Misses the Net.
19:44 of 3rd period - Wrist shot by Jack Studnicka.
19:44 of 3rd period - Shot Blocked by Jordan Spence.
19:46 of 3rd period - Snap shot by Urho Vaakanainen.
19:46 of 3rd period - Stopped by Joseph Woll with a rebound.
19:52 of 3rd period - Wrist shot by Jack Studnicka.
19:52 of 3rd period - Stopped by Joseph Woll without a rebound.
19:53 of 3rd period - Kevin Rooney wins face-off versus Oskar Olausson in Quebec Remparts zone.
Goals for this period are 2 for Quebec Remparts vs 2 for Rhode Island Whales.
Shots for this period are 6 for Quebec Remparts vs 26 for Rhode Island Whales.
Overtime #1
0:01 of 1st overtime period - Paul Cotter wins face-off versus Lukas Reichel in neutral zone.
0:04 of 1st overtime period - Slapshot by David Jiricek.
0:04 of 1st overtime period - Stopped by Anson Thornton without a rebound.
0:05 of 1st overtime period - Lukas Reichel wins face-off versus Paul Cotter in Rhode Island Whales zone.
0:52 of 1st overtime period - Wrist shot by Lukas Reichel.
0:52 of 1st overtime period - Shot Blocked by Simon Nemec.
0:54 of 1st overtime period - Slapshot by Braden Schneider.
0:54 of 1st overtime period - Shot Misses the Net.
2:17 of 1st overtime period - Jordan Spence is hit by Cross Hanas and loses puck.
3:11 of 1st overtime period - Jared Davidson is hit by Nils Lundkvist and loses puck.
3:24 of 1st overtime period - Slapshot by Brandt Clarke.
3:24 of 1st overtime period - Stopped by Anson Thornton with a rebound.
4:57 of 1st overtime period - Icing by Kevin Korchinski.
4:58 of 1st overtime period - Rasmus Kupari wins face-off versus Graeme Clarke in Rhode Island Whales zone.
4:59 of 1st overtime period - Slapshot by Jordan Spence.
4:59 of 1st overtime period - Stopped by Anson Thornton without a rebound.
Goals for this period are 0 for Quebec Remparts vs 0 for Rhode Island Whales.
Shots for this period are 3 for Quebec Remparts vs 0 for Rhode Island Whales.
ShootOut
5:00 of 1st overtime period - Round #1.
5:00 of 1st overtime period - Quebec Remparts, Thomas Bordeleau.
5:00 of 1st overtime period - Backhand shot by Thomas Bordeleau.
5:00 of 1st overtime period - Shot Misses the Net.
5:00 of 1st overtime period - Rhode Island Whales, Kaapo Kakko.
5:00 of 1st overtime period - Deke by Kaapo Kakko.
5:00 of 1st overtime period - Stopped by Joseph Woll.
5:00 of 1st overtime period - Round #2.
5:00 of 1st overtime period - Quebec Remparts, Hendrix Lapierre.
5:00 of 1st overtime period - Wrist shot by Hendrix Lapierre.
5:00 of 1st overtime period - Stopped by Anson Thornton.
5:00 of 1st overtime period - Rhode Island Whales, Cole Smith.
5:00 of 1st overtime period - Deke by Cole Smith.
5:00 of 1st overtime period - Goal by Cole Smith.
5:00 of 1st overtime period - Round #3.
5:00 of 1st overtime period - Quebec Remparts, Paul Cotter.
5:00 of 1st overtime period - Snap shot by Paul Cotter.
5:00 of 1st overtime period - Goal by Paul Cotter.
5:00 of 1st overtime period - Rhode Island Whales, Lukas Reichel.
5:00 of 1st overtime period - Wrist shot by Lukas Reichel.
5:00 of 1st overtime period - Stopped by Joseph Woll.
5:00 of 1st overtime period - Round #4.
5:00 of 1st overtime period - Quebec Remparts, Kevin Rooney.
5:00 of 1st overtime period - Backhand shot by Kevin Rooney.
5:00 of 1st overtime period - Goal by Kevin Rooney.
5:00 of 1st overtime period - Rhode Island Whales, Matthew Coronato.
5:00 of 1st overtime period - Deke by Matthew Coronato.
5:00 of 1st overtime period - Stopped by Joseph Woll.
Back to the Top